 Dungeon Crawl Stone Soup version 0.31.0-11-ge490571c62 (webtiles) character file.

Game seed: 17606546996172391942

7989 Yore the Fighter (level 11, -4/76 HPs)
             Began as a Gargoyle Fighter on Feb 2, 2024.
             Was a Priest of the Shining One.
             Slain by Snorg (8 damage)
             ... on level 10 of the Dungeon.
             The game lasted 00:16:20 (9360 turns).

Yore the Fighter (Gargoyle Fighter)                 Turns: 9360, Time: 00:16:20

Health: -4/76      AC: 27    Str: 22    XL:     11   Next: 23%
Magic:  17/17      EV:  9    Int:  9    God:    the Shining One [***...]
Gold:   527        SH:  4    Dex: 11    Spells: 10/10 levels left

rFire   + . .        q - +0 morningstar
rCold   . . .        c - +0 buckler
rNeg    + + +        B - +6 scale mail "Heryl" {rN+}
rPois   ∞            l - +0 helmet
rElec   +            D - +0 cloak
rCorr   +            a - +0 pair of gloves
SInv    .            y - +0 pair of boots
Will    .....        (no amulet) Stlth
                     k - ring of protection from fire
HPRegen 0.32/turn    i - ring of resist corrosion
MPRegen 0.15/turn

%: no passive effects
@: about to teleport, hasted, glowing, very quick
A: sickness immunity, AC +8, negative energy resistance 1, electricity
resistance, torment resistance 1, petrification resistance
a: Renounce Religion, Divine Shield, Cleansing Flame


You were on level 10 of the Dungeon.
You worshipped the Shining One.
The Shining One was most pleased with you.
You visited 2 branches of the dungeon, and saw 11 of its levels.

You collected 657 gold pieces.
You spent 130 gold pieces at shops.

Inventory:

Hand Weapons
 q - a +0 morningstar (weapon)
Missiles
 d - 7 boomerangs (quivered)
Armour
 a - a +0 pair of gloves (worn)
 c - a +0 buckler (worn)
 l - a +0 helmet (worn)
 y - a +0 pair of boots (worn)
 B - the +6 scale mail "Heryl" (worn) {rN+}
   (You found it on level 7 of the Dungeon)

   rN+:       It protects you from negative energy.
 D - a +0 cloak (worn)
Jewellery
 i - a ring of resist corrosion (right hand)
 k - a ring of protection from fire (left hand)
Wands
 j - a wand of flame (8)
 A - a wand of charming (7)
Scrolls
 f - 2 scrolls of teleportation
 g - 2 scrolls of enchant armour
 h - a scroll of vulnerability
 m - 2 scrolls of brand weapon
 n - 4 scrolls of fear
 o - a scroll of butterflies {unknown}
 p - a scroll of blinking {unknown}
 t - 2 scrolls of enchant weapon {unknown}
 u - 2 scrolls of revelation {unknown}
 v - a scroll of noise {unknown}
 C - a scroll of identify
Potions
 b - 3 potions of attraction
 e - a potion of mutation
 r - 2 potions of haste
 s - 2 potions of curing
 w - a potion of might
 x - a potion of cancellation
 z - a potion of lignification {unknown}


   Skills:
 * Level 12.7 Fighting
 + Level 8.5 Maces & Flails
 - Level 7.0 Armour
 - Level 4.0 Shields
 * Level 8.6 Invocations


You had 10 spell levels left.
You didn't know any spells.
Your spell library contained the following spells:

 Spells                   Type           Power      Damage    Failure   Level
 Apportation              Tloc           0%         N/A       75%         1
 Jinxbite                 Hex            0%         N/A       87%         2
 Scorch                   Fire           0%         2d5       87%         2
 Frozen Ramparts          Ice            0%         1d1       98%         3
 Stone Arrow              Conj/Erth      0%         3d7       98%         3
 Animate Armour           Summ/Erth      0%         N/A       100%        4
 Flame Wave               Conj/Fire      0%         2d4       100%        4
 Leda's Liquefaction      Alch/Erth      0%         N/A       100%        4
 Petrify                  Alch/Erth      0%         N/A       100%        4
 Alistair's Intoxication  Alch           0%         N/A       100%        5
 Metabolic Englaciation   Hex/Ice        0%         N/A       100%        5
 Summon Cactus Giant      Summ           0%         N/A       100%        6
 Lehudib's Crystal Spear  Conj/Erth      0%         10d2      100%        8


Dungeon Overview and Level Annotations

Branches:
Dungeon (10/15)            Temple (1/1) D:4
   Lair: D:8-11         Orc: D:9-12

Altars:
Ashenzari
Cheibriados
Dithmenos
Elyvilon
Fedhas
Gozag
Hepliaklqana
Kikubaaqudgha
Makhleb
Nemelex Xobeh
Okawaru
Qazlal
Ru
Sif Muna
Trog
Uskayaw
Vehumet
Wu Jian
Xom
Yredelemnul
Zin
The Shining One

Shops:
D:4 !

Annotations:
D:8 3 runed translucent doors, Joseph; gorgonaught's ghost, novice TrBe
D:10 Snorg


Innate Abilities, Weirdness & Mutations

You are immune to sickness and miasma.
Your stone body is resilient. (AC +8)
You are immune to poison.
You resist negative energy. (rN+)
You are resistant to electric shocks. (rElec)
You are resistant to unholy torment.
You are immune to petrification.


Message History

Aim: Snorg (lightly wounded, haloed, 79% to hit)
The puff of flame hits Snorg!
Snorg is lightly wounded.
A shadow comes into view.
Snorg goes berserk!
Snorg rages.
You feel yourself speed up. Snorg attacks as she pursues you! Snorg bites you.
Snorg closely misses you. Snorg barely misses you.
Snorg attacks as she pursues you! Snorg bites you. You block Snorg's attack.
Snorg claws you but does no damage. Snorg attacks as she pursues you!
Snorg bites you! You block Snorg's attack. Snorg claws you!
You impale Snorg!!
Snorg is moderately wounded.
Snorg bites you. Snorg claws you but does no damage. You block Snorg's attack.
You hit Snorg.
Snorg is moderately wounded.
You block Snorg's attack. Snorg barely misses you. Snorg completely misses you.
You hit Snorg.
Snorg is moderately wounded.
Snorg bites you! Snorg claws you but does no damage. x2
Snorg attacks as she pursues you! Snorg bites you but does no damage.
Snorg claws you but does no damage. x2
Snorg attacks as she pursues you! Snorg bites you!!
* * * LOW HITPOINT WARNING * * *
Snorg claws you.
* * * LOW HITPOINT WARNING * * *
Snorg closely misses you. Snorg attacks as she pursues you!
You block Snorg's attack. Snorg closely misses you.
Snorg claws you but does no damage.
Okay, then.
As you read the scroll of teleportation, it crumbles to dust.
You feel strangely unstable. Snorg bites you.
* * * LOW HITPOINT WARNING * * *
You block Snorg's attack. Snorg claws you but does no damage.
Snorg attacks as she pursues you! Snorg bites you.
* * * LOW HITPOINT WARNING * * *
Snorg claws you!
You die...

#################.
###.................
#######...###############.
#.............########
#......>.............#
#.........T...######.#
#.........@...#
#.............#
#####......♣......#
#..........♣......#
###.#.............####
#.#................#
#.#................#
#.###########......# #.#
#......#


You could see Snorg (berserk).

Vanquished Creatures
  3 two-headed ogres
  Maggie (D:10)
  A komodo dragon (D:9)
  Jeremiah (D:6)
  A hornet (D:8)
  9 yaks
  3 wyverns
  Eustachio (D:4)
  A steam dragon (D:8)
  Menkaure (D:4)
  An acid dragon (D:10)
  3 water moccasins
  An orc warrior (D:7)
  A sky beast (D:7)
  3 centaurs
  2 phantoms
  3 kobold brigands
  A bullfrog (D:6)
  4 scorpions
  A burial acolyte (D:7)
  6 wights
  4 killer bees (D:9)
  4 howler monkeys
  4 bombardier beetles
  3 hounds
  4 jellies
  3 orc priests
  A sleepcap (D:6)
  An iguana (D:7)
  Natasha (twice) (D:2)
  4 orc wizards
  A hound zombie (D:7)
  7 adders
  3 shadow imps
  4 white imps
  2 ufetubi (D:7)
  2 adder zombies (D:7)
  3 dart slugs (D:3)
  3 ribbon worms
  17 orcs
  7 ball pythons
  10 endoplasms
  4 giant cockroaches
  12 goblins
  7 hobgoblins
  4 jackals (D:1)
  2 quokkas
  6 bats
  6 frilled lizards
  A gnoll zombie (D:7)
  12 kobolds
  3 kobold zombies (D:7)
  4 rats
198 creatures vanquished.

Notes
Turn   | Place    | Note
-------+----------+-------------------------------------------
     0 | D:1      | Yore the Gargoyle Fighter began the quest for the Orb.
     0 | D:1      | Reached XP level 1. HP: 14/14 MP: 1/1
    64 | D:1      | Reached XP level 2. HP: 17/19 MP: 2/2
   129 | D:1      | You fall into a shaft and drop 1 floor!
   171 | D:2      | Reached XP level 3. HP: 21/24 MP: 3/3
   549 | D:1      | Reached skill level 4 in Fighting
   948 | D:2      | Reached XP level 4. HP: 29/29 MP: 4/4
  1225 | D:2      | Noticed Natasha
  1241 | D:2      | Killed Natasha
  1798 | D:2      | Noticed Natasha
  1815 | D:2      | Killed Natasha
  1816 | D:2      | Reached XP level 5. HP: 18/34 MP: 5/5
  2036 | D:3      | Noticed a water moccasin
  2045 | D:3      | Killed a water moccasin
  2046 | D:3      | Reached skill level 5 in Fighting
  2046 | D:3      | Reached XP level 6. HP: 40/40 MP: 6/6
  2461 | D:3      | Found a shadowy altar of Dithmenos.
  2663 | D:4      | Noticed Menkaure
  2678 | D:4      | Killed Menkaure
  2679 | D:4      | Reached skill level 6 in Fighting
  2679 | D:4      | Reached XP level 7. HP: 33/46 MP: 7/7
  2739 | D:4      | Found a staircase to the Ecumenical Temple.
  2769 | Temple   | Entered the Ecumenical Temple
  2805 | Temple   | Became a worshipper of the Shining One
  2854 | D:4      | Noticed Eustachio
  2947 | D:4      | Killed Eustachio
  2948 | D:4      | Reached skill level 5 in Armour
  3224 | D:4      | Found a hide-covered altar of Uskayaw.
  3243 | D:4      | Noticed a yak
  3244 | D:4      | Noticed a yak
  3244 | D:4      | Noticed a yak
  3245 | D:4      | Noticed a yak
  3246 | D:4      | Noticed a yak
  3246 | D:4      | Noticed a yak
  3286 | D:5      | Entered Level 5 of the Dungeon
  3292 | D:5      | Killed a yak
  3293 | D:5      | Reached skill level 7 in Fighting
  3293 | D:5      | Reached XP level 8. HP: 51/53 MP: 8/8
  3340 | D:4      | Reached skill level 5 in Maces & Flails
  3407 | D:4      | Found Zishiuj's Distillery.
  3413 | D:4      | Bought a potion of curing for 30 gold pieces
  3413 | D:4      | Bought a potion of haste for 100 gold pieces
  3514 | D:4      | Killed a yak
  3522 | D:4      | Killed a yak
  3523 | D:4      | Reached skill level 8 in Fighting
  3525 | D:4      | Killed a yak
  3531 | D:4      | Killed a yak
  3548 | D:4      | Killed a yak
  3549 | D:4      | Reached skill level 9 in Fighting
  3549 | D:4      | Reached XP level 9. HP: 38/60 MP: 9/9
  3663 | D:4      | Identified the +2 robe of Okawaru's Generosity {rF+ Str+4}
  4112 | D:5      | Reached * piety under the Shining One
  4185 | D:5      | Reached skill level 1 in Invocations
  4429 | D:5      | Noticed a two-headed ogre
  4443 | D:5      | Killed a two-headed ogre
  4444 | D:5      | Reached skill level 10 in Fighting
  4915 | D:6      | Noticed Jeremiah
  5069 | D:6      | Killed Jeremiah
  5172 | D:6      | Reached XP level 10. HP: 68/68 MP: 13/13
  5586 | D:7      | Reached skill level 5 in Invocations
  5670 | D:7      | Reached skill level 11 in Fighting
  6016 | D:7      | Reached ** piety under the Shining One
  6071 | D:7      | Found an ancient bone altar of Kikubaaqudgha.
  6291 | D:7      | Identified the +6 scale mail "Heryl" {rN+}
  6683 | D:8      | Found a runed translucent gate.
  6683 | D:8      | Found a runed translucent gate.
  6683 | D:8      | Found a runed translucent gate.
  6685 | D:8      | Found an opulent altar of Gozag.
  6686 | D:8      | Noticed a five-headed hydra
  6686 | D:8      | Noticed a two-headed ogre
  6687 | D:8      | Noticed a centaur warrior
  6687 | D:8      | Noticed gorgonaught's ghost (novice TrBe)
  6737 | D:8      | Found a flagged portal.
  6737 | D:8      | Noticed Joseph
  7008 | D:8      | Reached *** piety under the Shining One
  7168 | D:8      | Found a blossoming altar of Fedhas.
  7790 | D:9      | Noticed a two-headed ogre
  7807 | D:9      | Killed a two-headed ogre
  7913 | D:9      | Reached skill level 12 in Fighting
  8290 | D:9      | Noticed a two-headed ogre
  8458 | D:9      | Reached XP level 11. HP: 41/76 MP: 16/16
  8493 | D:9      | Killed a two-headed ogre
  8779 | D:10     | Entered Level 10 of the Dungeon
  8834 | D:10     | Found a stormy altar of Qazlal.
  8907 | D:10     | Noticed Maggie
  8924 | D:10     | Killed Maggie
  9334 | D:10     | Noticed Snorg
  9360 | D:10     | Slain by Snorg

Illustrated notes

Levels and vault maps discovered:
D:1:      amcnicky_arrival_blooded_trapdoor, layout_rooms,
          minmay_misc_feat_roman
D:2:      layout_basic, serial_co_window_serial, co_window_paths_b,
          co_window_of_opportunity_a, co_window_paths_a, co_window_paths_a,
          co_window_paths_b, co_window_of_opportunity_a, co_window_corner_cb,
          co_window_corner_b, co_window_broadway_c, co_window_cross_4,
          co_window_of_opportunity_b, co_window_broadway_a, co_window_2corner,
          glass_columns_b, uniq_natasha
D:3:      layout_loops_ring, grunt_dithmenos_smoke_and_mirrors
D:4:      layout_loops_ring, mainiacjoe_overflow_catwalk,
          minmay_temple_entry_gardened_gates, serial_shops,
          nicolae_shop_rolling_square, uniq_eustachio, uniq_menkaure
D:5:      layout_cave_pools, abandoned_shop
D:6:      layout_loops_ring, hangedman_decor_growths, uniq_jeremiah
D:7:      layout_basic, regret_index_kikubaaqudgha_part_by_part,
          hangedman_decor_opposing, minmay_fractal_squares_5
D:8:      layout_basic, lemuel_tele_altar, ebering_ghost_gozag, enter_bailey_5,
          uniq_joseph
D:9:      layout_basic, kb_lookout_dungeons_type
D:10:     layout_basic, nicolae_qazlal_general_emergency, uniq_maggie,
          uniq_snorg
Temple:   bh_familiar_temple

Skill      XL: |  1  2  3  4  5  6  7  8  9 10 11 |
---------------+----------------------------------+-----
Fighting       | 4 5 6 7 9 10 12 | 12.7
Maces & Flails | 3 4 6 7 8 |  8.5
Shields        | 4 |  4.0
Armour         | 4 5 6 7 |  7.0
Invocations    | 4 7 8 |  8.6

Action                     |  1- 3 |  4- 6 |  7- 9 | 10-12 || total
---------------------------+-------+-------+-------+-------++-------
  Melee: Flail             |   101 |   146 |       |       ||   247
         Morningstar       |       |    10 |   208 |   283 ||   501
  Throw: Boomerang         |       |       |       |    15 ||    15
 Invoke: Divine Shield     |       |       |       |     1 ||     1
  Evoke: Wand              |       |     2 |    16 |    23 ||    41
    Use: Potion            |       |     3 |     1 |     6 ||    10
         Scroll            |       |       |       |    13 ||    13
 Armour: Scale mail        |    65 |   108 |    92 |   258 ||   523
         Robe              |       |       |    58 |    50 ||   108
  Dodge: Dodged            |    61 |    56 |    93 |   138 ||   348
  Block: Buckler           |    34 |    39 |    45 |    88 ||   206
